Map: New Repugnancy LE

Players

Zanster

  • Race: Zerg Zerg
  • Spawn Location: 7:00

Elazer - Winner!

  • Race: Zerg Zerg
  • Spawn Location: 1:00

Event: 2019 WCS Spring

VOD

Have the link to the VOD?

Description

Time

  • Played on: May 17, 2019, 2:13 p.m.
  • Length: 7:43

All games in this series

Show
View Real Time Build Order
Export as new Build Order

Zanster Zerg 

Build Orders: Pool First 

Get SALT Encoding   

  12  0:00  Drone  
  13  0:13  Overlord  
  13  0:16  Drone  
  14  0:31  Drone x2  
  16  0:36  Extractor  
  15  0:43  Spawning Pool  
  15  0:46  Drone  
  15  0:50  Drone  
  17  0:57  Drone  
  17  1:19  Hatchery  
  16  1:30  Zergling x6  
  19  1:40  Metabolic Boost  
  19  1:42  Zergling x2  
  20  1:51  Queen  
  22  1:58  Overlord  
  22  2:17  Zergling x4  
  24  2:26  Queen  
  24  2:27  Zergling x2  
  27  2:31  Zergling x2  
  28  2:41  Zergling x2  
  29  2:44  Zergling x2  
  29  2:45  Queen  
  29  2:52  Zergling x2  
  29  2:58  Zergling x4  
  32  3:02  Zergling x6  
  35  3:07  Overlord  
  35  3:12  Zergling x2  
  35  3:28  Zergling x2  
  35  3:29  Zergling x4  
  37  3:38  Zergling x10  
  35  3:47  Baneling Nest  
  32  3:49  Drone  
  33  3:58  Drone x3  
  36  4:03  Drone  
  37  4:10  Drone  
  37  4:11  Drone  
  37  4:15  Drone  
  40  4:20  Drone  
  40  4:21  Drone  
  42  4:27  Overlord  
  42  4:32  Drone  
  42  4:37  Drone  
  44  4:48  Drone x6  
  50  4:54  Drone  
  50  4:55  Drone  
  50  4:59  Overlord  
  52  5:02  Overlord  
  52  5:13  Lair, Evolution Chamber  
  51  5:15  Overlord  
  51  5:18  Overlord  
  51  5:27  Drone x2  
  52  5:31  Extractor  
  52  5:34  Drone  
  52  5:35  Drone x6  
  58  5:38  Drone  
  57  5:46  Baneling x2  
  57  5:47  Overlord  
  57  5:48  Zerg Missile Weapons Level 1  
  57  5:51  Extractor  
  57  5:53  Roach Warren  
  57  5:56  Zergling x4  
  57  5:57  Zergling x2  
  44  6:10  Drone x4  
  48  6:20  Overlord  
  48  6:21  Baneling  
  47  6:37  Roach x6  
  59  6:42  Roach  
  59  6:43  Roach  
  62  6:48  Roach  
  62  6:50  Overlord  
  64  6:57  Roach  
  64  6:58  Roach x2  
  70  7:01  Baneling  
  70  7:04  Roach x2  
  70  7:07  Roach  
  76  7:08  Overlord  
  76  7:10  Roach  
  78  7:16  Roach x2  
  86  7:30  Extractor  
Show
View Real Time Build Order
Export as new Build Order

Elazer Zerg - Winner!

Build Orders: Hatch First 

Get SALT Encoding   

  12  0:00  Drone  
  13  0:12  Overlord  
  13  0:17  Drone  
  14  0:30  Drone x2  
  16  0:48  Hatchery  
  15  0:51  Drone  
  15  0:54  Drone  
  17  0:57  Drone  
  18  1:08  Extractor  
  17  1:13  Spawning Pool  
  17  1:16  Drone  
  17  1:20  Drone  
  18  1:28  Drone  
  19  1:39  Drone  
  20  1:50  Drone  
  21  2:00  Overlord, Queen x2  
  21  2:01  Drone  
  26  2:09  Metabolic Boost  
  26  2:11  Zergling x2  
  26  2:12  Zergling x2  
  28  2:21  Zergling x2  
  28  2:22  Drone  
  30  2:33  Zergling x2  
  30  2:34  Zergling x2  
  32  2:42  Overlord, Queen  
  32  2:44  Drone  
  31  2:53  Drone x2  
  33  2:59  Queen  
  35  3:06  Overlord, Baneling Nest  
  34  3:13  Zergling x4  
  34  3:15  Zergling x2  
  34  3:18  Zergling x2  
  38  3:21  Zergling x4  
  38  3:24  Zergling x2  
  38  3:33  Zergling x4  
  38  3:40  Zergling x4  
  39  3:44  Zergling x2  
  38  3:49  Baneling  
  38  3:53  Drone x2  
  40  4:00  Overlord  
  40  4:05  Baneling x2  
  40  4:09  Drone x2  
  42  4:12  Queen  
  42  4:15  Drone x3  
  47  4:19  Queen  
  47  4:23  Drone  
  50  4:24  Drone  
  50  4:27  Drone x2  
  52  4:32  Drone x2  
  52  4:34  Drone  
  55  4:40  Overlord  
  55  4:43  Evolution Chamber  
  54  4:55  Zergling x2  
  54  4:56  Zergling x4  
  57  5:03  Baneling x2  
  57  5:04  Zergling x2  
  57  5:05  Zergling x2  
  58  5:08  Zergling x2  
  58  5:09  Zergling x2  
  58  5:12  Hatchery  
  59  5:14  Overlord, Zerg Melee Weapons Level 1  
  59  5:15  Drone  
  60  5:23  Overlord, Drone  
  60  5:26  Drone  
  62  5:30  Drone x6  
  68  5:40  Overlord  
  67  5:44  Zergling x2  
  67  5:52  Zergling x4  
  65  6:04  Zergling x12  
  65  6:06  Baneling x2  
  65  6:10  Lair  
  66  6:11  Overlord  
  66  6:15  Overlord  
  65  6:26  Overlord  
  65  6:28  Drone x2  
  65  6:30  Extractor  
  65  6:31  Extractor  
  65  6:32  Drone  
  66  6:36  Drone  
  66  6:39  Drone x4  
  71  6:40  Drone  
  71  6:41  Overlord  
  71  6:47  Overlord  
  71  6:51  Overlord  
  71  6:52  Zergling x2  
  71  6:53  Roach Warren, Zergling x2  
  72  6:57  Zergling x2  
  72  6:59  Overlord  
  72  7:00  Zergling x2  
  72  7:01  Zergling x4  
  76  7:08  Hatchery, Overlord  
  75  7:10  Zergling x14  
  81  7:20  Overlord  
Tags
 
Add a new tag
Caveats
  • Supply blocks, unpowered buildings, or Contaminate may cause inaccurate times.
  • Supply counts are checked every 10 seconds.